AoeStats
← kuzgun

Arena

509690944Analyzed
3v3 RM · 6d ago on Sep 27, 2026· 56m 25s· 6 players
Game mode
Random Map
Map size
Normal (6 player)
Population
200
Speed
Normal
Resources
Standard
Victory
Conquest
Starting age
Dark Age
Ending age
Imperial Age
RankedLock teamsTeams togetherTeam positionsShared explorationLock speedFull tech treeHidden civsTurbo modeCheats
Victory
Defeat
🇹🇷 Japanese · Türkiye
932
+14
🇵🇹 Portuguese · Portugal
927
+14
🇧🇷 Persians · Brazil
907
+15
🇩🇪 Varangians · Germany
1097
-22
🇩🇪 Goths · Germany
866
-14
🇩🇪 Bohemians · Germany
679
-7
tortsch7
8:13 Loom
9:59 Feudal Age
14:22 Castle Age
12:21 Double-Bit Axe
12:35 Horse Collar
15:27 Gold Mining
24:16 Scale Barding Armor
28:42 Chain Barding Armor
31:38 Heavy Plow
31:50 Bow Saw
32:55 Wheelbarrow
34:28 Hand Cart
37:30 Imperial Age
35:47 Forging
37:16 Iron Casting
36:51 Stone Mining
37:23 Husbandry
37:33 Bloodlines
38:49 Cavalier
41:23 Plate Barding Armor
41:49 Blast Furnace
45:17 Scale Mail Armor
45:21 Pikeman
45:37 Elite Varangian Guard
46:35 Chain Mail Armor
45:52 Man-at-Arms
SamyMiami
1:37 Loom
12:07 Feudal Age
12:32 Horse Collar
12:38 Double-Bit Axe
15:21 Wheelbarrow
19:46 Castle Age
19:22 Forging
19:05 Gold Mining
20:41 Man-at-Arms
21:21 Squires
21:36 Heavy Plow
21:55 Bow Saw
21:38 Stone Mining
22:49 Long Swordsman
25:19 Scale Mail Armor
26:15 Iron Casting
30:02 Chain Mail Armor
37:30 Imperial Age
35:16 Hand Cart
35:29 Town Watch
38:44 Two-Handed Swordsman
42:03 Champion
42:06 Pikeman
43:10 Anarchy
43:32 Perfusion
42:54 Elite Huskarl
45:58 Halberdier
52:07 Blast Furnace
Saltyguy
4:40 Loom
10:56 Feudal Age
11:39 Double-Bit Axe
11:41 Horse Collar
19:37 Castle Age
20:29 Bow Saw
20:20 Heavy Plow
32:33 Imperial Age
30:46 Wagenburg Tactics
38:49 Two-Man Saw
39:33 Ballistics
40:14 Chemistry
39:29 Fortified Wall
41:25 Houfnice
55:55 Elite Skirmisher
kuzgun
11:13 Feudal Age
15:49 Castle Age
14:55 Double-Bit Axe
15:23 Loom
20:18 Bow Saw
28:54 Fletching
29:14 Forging
29:05 Scale Mail Armor
31:07 Elite Skirmisher
33:14 Iron Casting
32:54 Chain Mail Armor
32:35 Bodkin Arrow
35:39 Horse Collar
36:36 Wheelbarrow
35:47 Town Watch
40:46 Imperial Age
38:58 Padded Archer Armor
39:58 Heavy Plow
40:25 Hand Cart
39:55 Town Watch
40:30 Hand Cart
40:01 Town Watch
40:19 Yasama
40:38 Leather Archer Armor
41:12 Caravan
42:26 Coinage
43:57 Elite Samurai
44:58 Conscription
45:17 Plate Mail Armor
45:42 Murder Holes
46:00 Fortified Wall
46:10 Ballistics
46:51 Chemistry
49:30 Blast Furnace
50:01 Two-Man Saw
51:53 Banking
51:31 Bracer
52:01 Ring Archer Armor
55:21 Gold Mining
55:19 Arson
55:34 Squires
55:19 Gambesons
54:55 Pikeman
JLT_Jhoni
0:27 Loom
14:45 Feudal Age
15:11 Double-Bit Axe
15:19 Gold Mining
15:19 Stone Mining
15:11 Horse Collar
15:24 Town Watch
16:41 Wheelbarrow
21:24 Castle Age
23:03 Ballistics
22:38 Murder Holes
23:56 Stone Shaft Mining
24:17 Bow Saw
24:46 Gold Shaft Mining
23:42 Pikeman
26:13 Elite Skirmisher
32:30 Imperial Age
31:30 Heavy Plow
33:16 Conscription
32:37 Crossbowman
33:22 Thumb Ring
34:22 Kamandaran
40:14 Elite War Elephant
43:01 Chemistry
42:18 Padded Archer Armor
42:08 Fletching
47:14 Masonry
47:20 Citadels
50:36 Crop Rotation
56:30 Leather Archer Armor
56:10 Bodkin Arrow
Chewbacca
3:36 Loom
11:41 Feudal Age
12:56 Wheelbarrow
12:04 Horse Collar
12:13 Double-Bit Axe
20:50 Stone Mining
20:51 Gold Mining
21:38 Town Watch
25:17 Castle Age
26:23 Hand Cart
26:46 Stone Shaft Mining
26:24 Bow Saw
26:16 Heavy Plow
29:50 Imperial Age
30:13 Town Patrol
30:15 Caravan
31:32 Chemistry
31:56 Two-Man Saw
31:30 Crop Rotation
32:13 Guilds
35:56 Bombard Tower
39:01 Arquebus
38:40 Elite Organ Gun
40:10 Ballistics
39:47 Murder Holes
40:02 Fortified Wall
39:33 Treadmill Crane
40:57 Conscription
40:07 Sappers
40:34 Guard Tower
42:43 Siege Engineers
42:48 Masonry
43:15 Keep
43:03 Circumnavigation
43:04 Fletching
43:14 Padded Archer Armor
43:19 Scale Barding Armor
43:25 Forging
43:15 Scale Mail Armor
45:20 Coinage
46:26 Architecture
45:58 Bodkin Arrow
46:39 Iron Casting
46:04 Scale Mail Armor
46:24 Chain Barding Armor
46:20 Leather Archer Armor
Connection lost

Rejoining the realm…

Still unreachable

The connection could not be restored.

Session expired

The server has moved on; the page needs a fresh start.